[Event "Titled Tuesday Blitz August 1 Late 2023"]
[White "ArtemDyachuk"]
[Black "Spichkin, Alexander"]
[BlackFideId "4144074"]
[WhiteElo "2522"]
[BlackElo "2342"]
[Result "0-1"]
[Round "2"]
[TimeControl "180+1"]
[Date "2023.08.01"]
[WhiteClock "0:00:00"]
[BlackClock "0:01:56"]
[Board "129"]

1. e4 e5 2. Nf3 d5 3. Nxe5 Bd6 4. d4 dxe4 5. Nc4 Nf6 6. Nc3 Nc6 7. Bg5 Be7 8. d5 Nb4 9. d6 cxd6 10. Bxf6 Bxf6 11. Nxd6+ Kf8 12. Bc4 Nxc2+ 13. Qxc2 Qxd6 14. O-O Bxc3 15. Qxc3 Be6 16. Rfd1 Qc5 17. Bxe6 Qxc3 18. bxc3 fxe6 19. Rd7 Re8 20. Rxb7 Re7 21. Rb8+ Re8 22. Rb7 Re7 23. Rab1 Kf7 24. Rxe7+ Kxe7 25. Rb7+ Kf6 26. Rxa7 Rc8 27. Ra3 Rb8 28. Kf1 Rb2 29. Ra5 Rc2 30. Ra4 Kf5 31. c4 g5 32. Ra5+ e5 33. c5 h5 34. a4 h4 35. h3 Kf4 36. Ra8 e3 37. Rf8+ Ke4 38. fxe3 Kxe3 39. Rf3+ Ke4 40. Ra3 Rxc5 41. a5 Rc7 42. a6 Ra7 43. Ke2 Kf4 44. Ra4+ e4 45. Ra5 e3 46. Ra4+ Kg3 47. Rg4+ Kh2 48. Rxg5 Rxa6 49. Kxe3 Rf6 50. Rg4 Rf8 51. Ke2 Rf7 52. Ke3 Kg1 53. Ke4 Rf2 54. Ke5 Rxg2 55. Rxh4 Kh2 56. Rh8 Rf2 57. h4 Kh3 58. h5 Kg4 59. h6 Kh5 60. Ke6 Rf3 61. Ke7 Rf2 62. Ke6 Rf1 63. Ke5 Kg6 64. Ke4 Re1+ 65. Kf3 Re5 66. Kf4 Re1 67. Kg4 Re4+ 68. Kf3 Ra4 69. Rd8 Kh7 70. Rd6 Rb4 71. Kg3 Re4 72. Rf6 Re7 0-1


[Site "https://www.chess.com"]

[Event "Titled Tuesday Blitz August 1 Late 2023"]
[White "Olenik Campa, Rudi"]
[Black "Kostiukov, Alexandr"]
[WhiteFideId "14633264"]
[BlackFideId "14108100"]
[WhiteElo "2516"]
[BlackElo "2340"]
[Result "0-1"]
[Round "2"]
[TimeControl "180+1"]
[Date "2023.08.01"]
[WhiteClock "0:00:12"]
[BlackClock "0:00:08"]
[Board "130"]

1. Nf3 c5 2. b3 Nf6 3. Bb2 d5 4. e3 g6 5. c4 Bg7 6. cxd5 O-O 7. Be2 Nxd5 8. Bxg7 Kxg7 9. Qc1 Qd6 10. O-O Nc6 11. a3 b6 12. Nc3 Nxc3 13. Qxc3+ Qf6 14. Qxf6+ Kxf6 15. Rfc1 Bb7 16. Rab1 Rfd8 17. Kf1 e5 18. Ke1 e4 19. Ng1 a5 20. f3 Ne5 21. f4 Nd3+ 22. Bxd3 Rxd3 23. Rc3 Rad8 24. Rb2 Rxc3 25. dxc3 Rd3 26. Ne2 Rxe3 27. Rd2 Ke7 28. Kf2 Rd3 29. Rxd3 exd3 30. Ng1 d2 31. Ke2 Bxg2 32. Kxd2 Ke6 33. Ke3 Kf5 34. b4 cxb4 35. cxb4 axb4 36. axb4 Kg4 37. Kf2 Bc6 38. Ke3 f6 39. Ne2 Kh3 40. f5 g5 41. Nd4 Bd5 42. Kf2 Kxh2 43. Nb5 g4 0-1


[Site "https://www.chess.com"]

[Event "Titled Tuesday Blitz August 1 Late 2023"]
[White "feuervogel1000000"]
[Black "Ahn, Hongjin"]
[BlackFideId "13201492"]
[WhiteElo "2507"]
[BlackElo "2332"]
[Result "1-0"]
[Round "2"]
[TimeControl "180+1"]
[Date "2023.08.01"]
[WhiteClock "0:01:52"]
[BlackClock "0:00:14"]
[Board "131"]

1. e4 c5 2. Nf3 e6 3. d4 cxd4 4. Nxd4 Nf6 5. Nc3 Nc6 6. Nxc6 bxc6 7. e5 Nd5 8. Ne4 Qc7 9. f4 Qb6 10. c4 Bb4+ 11. Ke2 Ba6 12. Kf3 f5 13. exf6 Nxf6 14. c5 Bxc5 15. Nxc5 Bxf1 16. Na4 Bxg2+ 17. Kxg2 Qb4 18. Re1 O-O 19. Nc3 Nd5 20. Nxd5 cxd5 21. Re2 Rac8 22. Be3 Qe4+ 23. Kg1 Rf6 24. Bf2 Qxf4 25. Bg3 Rg6 26. Qd3 Rc1+ 27. Rxc1 Qxc1+ 28. Kg2 Qc8 29. Rc2 Qb7 30. Qf3 Rf6 31. Qb3 Qa6 32. Rf2 Qc6 33. Rxf6 gxf6 34. Qf3 Kf7 35. Be5 Qc2+ 36. Kh3 Qg6 37. Bc3 h5 38. Qf4 e5 39. Qg3 Qf5+ 40. Kg2 Qc2+ 41. Qf2 Qe4+ 42. Qf3 Qg6+ 43. Kf2 Qc2+ 44. Ke1 d4 45. Qd5+ Ke7 46. Bb4+ Ke8 47. Qg8# 1-0


[Site "https://www.chess.com"]

[Event "Titled Tuesday Blitz August 1 Late 2023"]
[White "Bettalli, Francesco"]
[Black "Garcia-Castany Musellas, Gal.la"]
[WhiteFideId "2816453"]
[BlackFideId "2241803"]
[WhiteElo "2497"]
[BlackElo "2332"]
[Result "1-0"]
[Round "2"]
[TimeControl "180+1"]
[Date "2023.08.01"]
[WhiteClock "0:01:31"]
[BlackClock "0:00:14"]
[Board "132"]

1. e4 c6 2. d4 d5 3. e5 c5 4. dxc5 e6 5. a3 Bxc5 6. b4 Be7 7. Nf3 Nc6 8. Bb2 f6 9. Bd3 fxe5 10. Nxe5 Nxe5 11. Bxe5 Bf6 12. Qe2 Bxe5 13. Qxe5 Qf6 14. f4 Qxe5+ 15. fxe5 Ne7 16. O-O Nc6 17. Bb5 Bd7 18. Bxc6 bxc6 19. Nd2 a5 20. Nb3 axb4 21. axb4 Ke7 22. Nc5 Rhb8 23. c3 Be8 24. Kf2 Bg6 25. Ke3 Bf5 26. Kd4 Kd8 27. h3 h5 28. Rxa8 Rxa8 29. g4 hxg4 30. hxg4 Bg6 31. Nxe6+ Ke7 32. Nxg7 Rg8 33. Nf5+ Ke6 34. Rf4 Be8 35. Ne3 Rh8 36. Rf6+ Ke7 37. Nf5+ Kd8 38. Rd6+ Kc8 39. g5 Rh2 40. g6 Rd2+ 41. Kc5 Rc2 42. g7 Rxc3+ 43. Kb6 Rb3 44. Ne7+ Kb8 45. Rd8# 1-0


[Site "https://www.chess.com"]

[Event "Titled Tuesday Blitz August 1 Late 2023"]
[White "Zilleruelo Irizarry, Diego"]
[Black "Mortazavi, Ali"]
[WhiteFideId "3101460"]
[BlackFideId "401323"]
[WhiteElo "2331"]
[BlackElo "2496"]
[Result "0-1"]
[Round "2"]
[TimeControl "180+1"]
[Date "2023.08.01"]
[WhiteClock "0:00:13"]
[BlackClock "0:01:14"]
[Board "133"]

1. e4 c6 2. d4 d5 3. exd5 cxd5 4. Bd3 Nc6 5. c3 Qc7 6. h3 g6 7. Nf3 Bf5 8. O-O Nf6 9. Re1 e6 10. Bb5 h5 11. Ne5 Bd6 12. Nd2 O-O 13. Ndf3 a6 14. Bxc6 bxc6 15. Bh6 Rfe8 16. Nh4 c5 17. Nxf5 exf5 18. Bf4 c4 19. f3 Re6 20. Qd2 Rae8 21. Re2 Nd7 22. Rae1 Bxe5 23. dxe5 Nc5 24. Re3 Nd3 25. Rxd3 cxd3 26. Kh2 Rb8 27. Qxd3 Qc4 28. Qd2 Qxa2 29. Re2 Qc4 30. Qc2 Qxf4+ 0-1


[Site "https://www.chess.com"]

[Event "Titled Tuesday Blitz August 1 Late 2023"]
[White "Michalczak, Thomas"]
[Black "Hoffmann, Asa"]
[WhiteFideId "4622634"]
[BlackFideId "2001470"]
[WhiteElo "2492"]
[BlackElo "2330"]
[Result "1-0"]
[Round "2"]
[TimeControl "180+1"]
[Date "2023.08.01"]
[WhiteClock "0:00:12"]
[BlackClock "0:00:00"]
[Board "134"]

1. e4 d6 2. d4 Nf6 3. Nc3 c6 4. Nf3 Bg4 5. h3 Bh5 6. Be3 e6 7. Be2 d5 8. Nd2 Bg6 9. e5 Nfd7 10. O-O a6 11. f4 c5 12. f5 Bxf5 13. Nxd5 cxd4 14. Bxd4 Nc6 15. Bc3 Nc5 16. Ne3 Bg6 17. Nf3 Na4 18. Qe1 Bc5 19. Bd2 Nxb2 20. Rb1 Na4 21. Rxb7 O-O 22. Kh1 Be4 23. Rb3 Rc8 24. Bd3 Bg6 25. Ng4 Qd5 26. Bxg6 hxg6 27. Ng5 Be7 28. Nf6+ gxf6 29. exf6 Qd4 30. fxe7 Nxe7 31. Rb4 Qg7 32. Rxa4 Rxc2 33. Bf4 Nf5 34. Be5 Qh6 35. Bf6 1-0


[Site "https://www.chess.com"]

[Event "Titled Tuesday Blitz August 1 Late 2023"]
[White "Novik, Maxim"]
[Black "Hacker, Jonas"]
[WhiteFideId "4102924"]
[BlackFideId "1270968"]
[WhiteElo "2491"]
[BlackElo "2328"]
[Result "1-0"]
[Round "2"]
[TimeControl "180+1"]
[Date "2023.08.01"]
[WhiteClock "0:02:24"]
[BlackClock "0:00:20"]
[Board "135"]

1. d4 Nf6 2. c4 e6 3. Nc3 Bb4 4. e3 O-O 5. Bd3 d5 6. a3 Bxc3+ 7. bxc3 dxc4 8. Bxc4 c5 9. Ne2 Qc7 10. Bd3 b6 11. e4 cxd4 12. cxd4 Ba6 13. O-O Bxd3 14. Qxd3 Nc6 15. Bg5 h6 16. Bxf6 gxf6 17. Rac1 Qd7 18. Rc3 Rad8 19. Rd1 Kh8 20. Qh3 Kh7 21. Qh4 f5 22. Rh3 1-0


[Site "https://www.chess.com"]

[Event "Titled Tuesday Blitz August 1 Late 2023"]
[White "The_Straightforward_Rook"]
[Black "MFatigue"]
[WhiteElo "2326"]
[BlackElo "2490"]
[Result "0-1"]
[Round "2"]
[TimeControl "180+1"]
[Date "2023.08.01"]
[WhiteClock "0:01:47"]
[BlackClock "0:01:12"]
[Board "136"]

1. e4 e6 2. Nf3 d5 3. d3 c5 4. Nbd2 Nc6 5. g3 Nge7 6. Bg2 g6 7. O-O Bg7 8. Re1 O-O 9. Nf1 b6 10. h4 h6 11. c3 e5 12. h5 g5 13. Ne3 Be6 14. Qe2 d4 15. cxd4 Nxd4 16. Nxd4 cxd4 17. Nf5 Rc8 18. g4 f6 19. Bd2 Nxf5 20. exf5 Bf7 21. Rec1 Qd7 22. Qe4 Rfd8 23. b3 Bf8 24. Qb7 Rc5 25. Rxc5 Bxc5 26. Rc1 Qxb7 27. Bxb7 Rd7 28. Bc6 Rc7 29. Be4 Kf8 30. b4 Bd6 31. Rxc7 Bxc7 32. Kf1 Bxa2 33. Ke1 Ke7 34. Kd1 Bb3+ 35. Kc1 a5 36. bxa5 bxa5 37. Kb2 Bd1 38. f3 Kd6 39. Ka3 Kc5 40. Be1 Kb5 41. Bd2 Bd6+ 42. Ka2 Bb4 43. Bxb4 Kxb4 44. Kb2 a4 45. Bd5 Be2 46. Kc2 Bf1 47. Kd2 Bg2 48. Ke2 Kc3 0-1


[Site "https://www.chess.com"]

[Event "Titled Tuesday Blitz August 1 Late 2023"]
[White "Lacasa Diaz, Jose Antonio"]
[Black "Koutlas, Nikolaos"]
[WhiteFideId "2203375"]
[BlackFideId "25827138"]
[WhiteElo "2325"]
[BlackElo "2490"]
[Result "0-1"]
[Round "2"]
[TimeControl "180+1"]
[Date "2023.08.01"]
[WhiteClock "0:00:02"]
[BlackClock "0:00:45"]
[Board "137"]

1. e4 e5 2. Nf3 Nc6 3. Bb5 a6 4. Bxc6 dxc6 5. O-O Bd6 6. d4 exd4 7. Qxd4 f6 8. Nbd2 Ne7 9. Nc4 Be6 10. Rd1 Bxh2+ 11. Kxh2 Bxc4 12. Bf4 Be2 13. Qxd8+ Rxd8 14. Rxd8+ Kxd8 15. Nd4 Bg4 16. f3 Bd7 17. Rd1 Kc8 18. Nb3 b6 19. Kg3 g5 20. Be3 h5 21. Kf2 h4 22. e5 Nf5 23. exf6 Nxe3 24. Kxe3 Rf8 25. Nd4 Rxf6 26. Rd3 c5 27. Ne2 Bb5 28. Rc3 Re6+ 29. Kd2 Rxe2+ 0-1


[Site "https://www.chess.com"]

[Event "Titled Tuesday Blitz August 1 Late 2023"]
[White "SicilianPanzer"]
[Black "Besedes, Danilo"]
[BlackFideId "946796"]
[WhiteElo "2320"]
[BlackElo "2489"]
[Result "0-1"]
[Round "2"]
[TimeControl "180+1"]
[Date "2023.08.01"]
[WhiteClock "0:00:03"]
[BlackClock "0:00:52"]
[Board "138"]

1. e4 c5 2. Nf3 Nc6 3. Bb5 e6 4. O-O Nge7 5. Re1 b6 6. c3 a6 7. Bf1 d5 8. exd5 Nxd5 9. d4 cxd4 10. Nxd4 Bb7 11. Nxc6 Bxc6 12. Nd2 Be7 13. c4 Nf6 14. b3 Qd4 15. Rb1 Bc5 16. Re2 Qh4 17. g3 Qh5 18. Bb2 O-O-O 19. Bxf6 gxf6 20. b4 Bd4 21. Re1 Bxf2+ 22. Kxf2 Qxh2+ 23. Ke3 Rxd2 24. Qxd2 Qh6+ 25. Ke2 Bf3+ 26. Kxf3 Qxd2 0-1


[Site "https://www.chess.com"]

[Event "Titled Tuesday Blitz August 1 Late 2023"]
[White "Sivakumar, Shaaketh"]
[Black "SalihEke"]
[WhiteFideId "30940176"]
[WhiteElo "2485"]
[BlackElo "2318"]
[Result "1-0"]
[Round "2"]
[TimeControl "180+1"]
[Date "2023.08.01"]
[WhiteClock "0:00:26"]
[BlackClock "0:00:40"]
[Board "139"]

1. e4 c5 2. Nf3 d6 3. d4 cxd4 4. Qxd4 Nf6 5. Bb5+ Nc6 6. c4 Bd7 7. Qd3 g6 8. Nc3 Bg7 9. Be3 O-O 10. h3 Nb4 11. Qe2 a6 12. Bxd7 Qxd7 13. O-O Rac8 14. Rfd1 Qe6 15. a3 Nc6 16. Nd2 Ne5 17. Nd5 Nxd5 18. cxd5 Qf6 19. Bd4 Qg5 20. Rf1 Nd7 21. Bxg7 Kxg7 22. f4 Qf6 23. Nb3 Rc7 24. Rae1 Rfc8 25. e5 Qf5 26. Nd4 Qh5 27. Qxh5 gxh5 28. Nf5+ Kf8 29. exd6 exd6 30. Nxd6 Rd8 31. Ne4 Nc5 32. Nf6 Nd3 33. Re3 Nxb2 34. Nxh5 Rxd5 35. Nf6 Rd2 36. Rff3 Re7 37. Nxh7+ Ke8 38. Nf6+ Kd8 39. h4 Nd1 40. Rd3+ Rxd3 41. Rxd3+ Kc7 42. Nd5+ 1-0


[Site "https://www.chess.com"]

[Event "Titled Tuesday Blitz August 1 Late 2023"]
[White "Cooper, Aaron"]
[Black "Grossboss19"]
[WhiteFideId "2634945"]
[WhiteElo "2316"]
[BlackElo "2484"]
[Result "1-0"]
[Round "2"]
[TimeControl "180+1"]
[Date "2023.08.01"]
[WhiteClock "0:00:42"]
[BlackClock "0:00:50"]
[Board "140"]

1. e4 c5 2. Nf3 Nf6 3. Nc3 Nc6 4. Bb5 d6 5. d4 cxd4 6. Qxd4 a6 7. Bxc6+ bxc6 8. e5 Nd7 9. O-O d5 10. e6 fxe6 11. Bf4 Nf6 12. Rfe1 h6 13. Ne5 Bb7 14. Qd3 Qb6 15. Qg6+ Kd8 16. Nf7+ Kc8 17. Nxh8 Qxb2 18. Qf7 Qxc3 19. Qxf8+ Kd7 20. Qf7 Ne4 21. Ng6 Qd4 22. Qxe7+ 1-0


[Site "https://www.chess.com"]

[Event "Titled Tuesday Blitz August 1 Late 2023"]
[White "Molenda, Marcin"]
[Black "Villarreal, Agustin"]
[WhiteFideId "1173065"]
[BlackFideId "125687"]
[WhiteElo "2484"]
[BlackElo "2316"]
[Result "1-0"]
[Round "2"]
[TimeControl "180+1"]
[Date "2023.08.01"]
[WhiteClock "0:00:20"]
[BlackClock "0:00:06"]
[Board "141"]

1. e4 e5 2. Nf3 Nc6 3. Bb5 a6 4. Ba4 Nf6 5. O-O Be7 6. d4 exd4 7. e5 Ne4 8. Nxd4 Nc5 9. Bxc6 dxc6 10. Nc3 O-O 11. Be3 Re8 12. f4 Bf8 13. Bf2 Ne6 14. Nxe6 Bxe6 15. Qf3 Qc8 16. h3 Rd8 17. Rad1 a5 18. Rxd8 Qxd8 19. f5 Bc4 20. Rd1 Qe8 21. Qf4 Ba6 22. Ne4 Rd8 23. Rxd8 Qxd8 24. Kh2 Bc4 25. Bc5 Bd5 26. Bxf8 Qxf8 27. Nc3 Qb4 28. Qxb4 axb4 29. Nxd5 cxd5 30. Kg3 Kf8 31. Kf4 Ke7 32. g4 c5 33. h4 b5 34. h5 c4 35. Ke3 Kd7 36. Kd4 Kc6 37. g5 g6 38. e6 fxe6 39. fxg6 Kd6 40. gxh7 e5+ 41. Ke3 d4+ 42. Ke4 b3 43. axb3 cxb3 44. cxb3 d3 45. Kxd3 Kd5 46. h8=Q e4+ 47. Ke3 1-0


[Site "https://www.chess.com"]

[Event "Titled Tuesday Blitz August 1 Late 2023"]
[White "Skuhala, Barbara"]
[Black "Liu, Casper"]
[WhiteFideId "14605465"]
[BlackFideId "1454153"]
[WhiteElo "2315"]
[BlackElo "2481"]
[Result "1/2-1/2"]
[Round "2"]
[TimeControl "180+1"]
[Date "2023.08.01"]
[WhiteClock "0:02:00"]
[BlackClock "0:01:25"]
[Board "142"]

1. e4 c5 2. Nf3 d6 3. d4 Nf6 4. Nc3 cxd4 5. Nxd4 Nc6 6. Be3 e5 7. Nb3 Be6 8. h3 d5 9. exd5 Nxd5 10. Nxd5 Qxd5 11. Qxd5 Bxd5 12. O-O-O O-O-O 13. f3 Be7 14. c3 Kc7 15. Bd3 b6 16. Kc2 Rd6 17. Rhe1 f6 18. a3 a5 19. c4 Be6 20. c5 Bxb3+ 21. Kxb3 bxc5 22. Be4 Nd4+ 23. Kc3 Rb8 24. Bxd4 cxd4+ 25. Kc2 Rdb6 26. Rb1 g6 27. Bd5 Bc5 28. g4 Kd6 29. Bc4 Rc6 30. Kd3 Rcb6 31. b3 Bxa3 32. f4 a4 33. fxe5+ fxe5 34. Rf1 axb3 35. Rf6+ Kc5 36. Rxb6 Rxb6 37. Rxb3 Rxb3+ 38. Bxb3 Kd6 39. Ke4 Bc1 40. Bg8 h6 41. h4 Bf4 42. h5 gxh5 43. gxh5 Ke7 44. Bc4 Kf6 45. Be2 Kg5 46. Bd1 Kh4 47. Be2 Kg3 48. Bc4 Kf2 49. Bb5 Ke1 50. Ba6 Kf2 51. Bb5 Kg3 52. Be2 Kf2 53. Bb5 1/2-1/2


[Site "https://www.chess.com"]

[Event "Titled Tuesday Blitz August 1 Late 2023"]
[White "Nanu, Costica-Ciprian"]
[Black "Gertler, David"]
[WhiteFideId "1204580"]
[BlackFideId "2017377"]
[WhiteElo "2481"]
[BlackElo "2311"]
[Result "1-0"]
[Round "2"]
[TimeControl "180+1"]
[Date "2023.08.01"]
[WhiteClock "0:00:24"]
[BlackClock "0:00:14"]
[Board "143"]

1. e4 e5 2. Nf3 Nc6 3. Bb5 Bc5 4. c3 Qf6 5. d4 exd4 6. Bxc6 dxc6 7. cxd4 Bb6 8. e5 Qg6 9. O-O Bg4 10. Be3 Rd8 11. Nbd2 Ne7 12. Kh1 Nf5 13. Qb3 O-O 14. h3 Qh5 15. Qc3 Rd5 16. Nh2 Bxh3 17. gxh3 Qxh3 18. Bf4 Qh5 19. Qf3 Qxf3+ 20. Nhxf3 Nxd4 21. Nxd4 Bxd4 22. Nf3 Rfd8 23. Nxd4 Rxd4 24. Be3 R4d5 25. f4 a6 26. Kg2 f6 27. exf6 gxf6 28. Kf3 Kf7 29. Rh1 h5 30. Rh2 Re8 31. Rd2 Kg6 32. Rg1+ Kf5 33. Rc1 h4 34. Rxd5+ cxd5 35. Rxc7 Rh8 36. Rc1 h3 37. Rh1 h2 38. Bf2 Rh3+ 39. Bg3 d4 40. Rxh2 1-0


[Site "https://www.chess.com"]

[Event "Titled Tuesday Blitz August 1 Late 2023"]
[White "Stanisz, Patryk"]
[Black "Willy, Stephen"]
[WhiteFideId "1123106"]
[BlackFideId "30981468"]
[WhiteElo "2307"]
[BlackElo "2481"]
[Result "0-1"]
[Round "2"]
[TimeControl "180+1"]
[Date "2023.08.01"]
[WhiteClock "0:00:23"]
[BlackClock "0:00:45"]
[Board "144"]

1. d4 d5 2. c4 e6 3. Nc3 Be7 4. Nf3 Nf6 5. Bf4 O-O 6. e3 b6 7. Rc1 Bb7 8. h3 c5 9. a3 Nbd7 10. Bd3 Rc8 11. cxd5 Nxd5 12. Nxd5 Bxd5 13. O-O cxd4 14. Rxc8 Qxc8 15. exd4 Nf6 16. Ne5 Rd8 17. Re1 Qa8 18. Bf1 Ne4 19. Qh5 Nd6 20. f3 Bf6 21. Bd3 g6 22. Qh6 Bg7 23. Qh4 Nf5 24. Bxf5 exf5 25. Qe7 Be6 26. Be3 Bf8 27. Qf6 Re8 28. Rc1 Be7 29. Bg5 Bxf6 30. Bxf6 Qd5 31. Nc6 h6 32. Rd1 Qxc6 0-1


[Site "https://www.chess.com"]

[Event "Titled Tuesday Blitz August 1 Late 2023"]
[White "Castro Silva, Moises Antonio"]
[Black "Fuzesabonyilaci"]
[WhiteFideId "3909794"]
[WhiteElo "2479"]
[BlackElo "2306"]
[Result "0-1"]
[Round "2"]
[TimeControl "180+1"]
[Date "2023.08.01"]
[WhiteClock "0:00:04"]
[BlackClock "0:00:06"]
[Board "145"]

1. e4 e6 2. d4 d5 3. Nd2 dxe4 4. Nxe4 Nd7 5. Nf3 Ngf6 6. Nxf6+ Nxf6 7. Bg5 Be7 8. Bd3 h6 9. Bh4 b6 10. Ne5 O-O 11. Nc6 Qd6 12. Nxe7+ Qxe7 13. Qf3 Rb8 14. O-O Bb7 15. Qe2 c5 16. dxc5 Qxc5 17. Bxf6 gxf6 18. Qe3 Qg5 19. Qg3 f5 20. f4 Qxg3 21. hxg3 Be4 22. Rad1 Rfd8 23. Bxe4 fxe4 24. Kf2 f5 25. c3 Kg7 26. Ke3 b5 27. a3 Kg6 28. g4 a6 29. gxf5+ exf5 30. Rh1 a5 31. g3 b4 32. cxb4 axb4 33. a4 b3 34. Rxd8 Rxd8 35. a5 Rd3+ 36. Kf2 Rd2+ 37. Ke3 Rxb2 38. Ra1 Ra2 39. Rb1 b2 40. a6 Ra3+ 41. Kf2 Rxa6 42. Rxb2 Kh5 43. Kg2 Kg4 44. Kf2 Ra3 45. Rb8 Rf3+ 46. Ke2 Rxg3 47. Rh8 Kxf4 48. Rxh6 Rg2+ 49. Kf1 Ra2 50. Rb6 Kf3 51. Kg1 e3 52. Rf6 f4 53. Re6 e2 54. Kh1 Ra1+ 55. Kh2 e1=Q 56. Rxe1 Rxe1 57. Kh3 Rh1# 0-1


[Site "https://www.chess.com"]

[Event "Titled Tuesday Blitz August 1 Late 2023"]
[White "Peycheva, Gergana"]
[Black "Crispin Ferreras, Darvi Abraham"]
[WhiteFideId "2916711"]
[BlackFideId "6402771"]
[WhiteElo "2478"]
[BlackElo "2303"]
[Result "1-0"]
[Round "2"]
[TimeControl "180+1"]
[Date "2023.08.01"]
[WhiteClock "0:00:48"]
[BlackClock "0:00:14"]
[Board "147"]

1. d4 Nf6 2. c4 e6 3. Nc3 Bb4 4. Qc2 O-O 5. e4 d5 6. e5 Ne4 7. Bd3 c5 8. Nf3 Nc6 9. O-O cxd4 10. Nxe4 dxe4 11. Bxe4 g6 12. Rd1 Bc5 13. a3 a5 14. Bg5 Qc7 15. Bf6 Be7 16. Bxc6 bxc6 17. Qe4 Bb7 18. Qh4 Bxf6 19. exf6 h5 20. Qg5 Kh7 21. Rxd4 c5 22. Rh4 Bxf3 23. gxf3 Rg8 24. Kh1 1-0


[Site "https://www.chess.com"]

[Event "Titled Tuesday Blitz August 1 Late 2023"]
[White "Lopez Gracia, Fernando"]
[Black "Sanhueza, Cristian"]
[WhiteFideId "2207184"]
[BlackFideId "116815"]
[WhiteElo "2302"]
[BlackElo "2475"]
[Result "0-1"]
[Round "2"]
[TimeControl "180+1"]
[Date "2023.08.01"]
[WhiteClock "0:00:00"]
[BlackClock "0:00:09"]
[Board "148"]

1. e4 c5 2. Nf3 d6 3. d4 cxd4 4. Nxd4 Nf6 5. Nc3 a6 6. Bd3 e6 7. f4 Nbd7 8. Be3 Qc7 9. O-O b6 10. Qf3 Bb7 11. Rad1 Be7 12. Qg3 Rg8 13. Kh1 O-O-O 14. a4 h6 15. f5 e5 16. Nde2 g6 17. Qf2 Ng4 18. Qg1 Nxe3 19. Qxe3 Nf6 20. Nd5 Nxd5 21. exd5 gxf5 22. Rxf5 Kb8 23. c4 Rdf8 24. Rdf1 Bg5 25. Qf3 Rg7 26. Ng3 Bc8 27. Nh5 Bxf5 28. Nxg7 Bc8 29. Nf5 Qd7 30. Ng3 Qg4 31. Qf2 Kb7 32. a5 bxa5 33. Ra1 Qd4 34. Qxd4 exd4 35. Rxa5 Re8 36. Ra1 Re3 37. Bf5 Rb3 38. Bxc8+ Kxc8 39. Rb1 d3 40. Kg1 Bf6 41. Kf1 Rxb2 42. Rxb2 Bxb2 43. Ke1 Bc3+ 44. Kd1 a5 45. Ne4 Be5 46. Kd2 Bxh2 47. g3 Kd7 48. Kxd3 Bg1 49. Kc3 Bc5 50. Kb3 Bb4 51. g4 Ke7 52. Kc2 f6 53. Kd3 Kf7 54. Ng3 Kg6 55. Nf5 Kg5 56. Ke4 Kxg4 57. Nxh6+ Kg5 58. Nf7+ Kg6 59. Nd8 a4 60. Nc6 Bc5 61. Kd3 f5 0-1


[Site "https://www.chess.com"]

[Event "Titled Tuesday Blitz August 1 Late 2023"]
[White "Toncheva, Nadya"]
[Black "Harish, Neeraj"]
[WhiteFideId "2924056"]
[BlackFideId "30958130"]
[WhiteElo "2475"]
[BlackElo "2301"]
[Result "1-0"]
[Round "2"]
[TimeControl "180+1"]
[Date "2023.08.01"]
[WhiteClock "0:01:26"]
[BlackClock "0:00:45"]
[Board "149"]

1. d4 Nf6 2. c4 e6 3. Nc3 Bb4 4. e3 b6 5. Ne2 Bb7 6. a3 Be7 7. Nf4 O-O 8. Bd3 c5 9. O-O Nc6 10. d5 Ne5 11. Be2 exd5 12. Ncxd5 Nxd5 13. Nxd5 d6 14. b3 Bf6 15. Bb2 Nd7 16. Nxf6+ Nxf6 17. Bf3 Bxf3 18. Qxf3 Nd7 19. Qg3 f6 20. Qxd6 Qe8 21. Rad1 Rd8 22. Qc7 Qe6 23. Rd6 Qf7 24. Rfd1 Qg6 25. Rxd7 Rxd7 26. Qxd7 h5 27. Qxa7 Qc2 28. Qd7 Qxb2 29. Qd5+ Kh7 30. Qxh5+ Kg8 31. Qd5+ Kh7 32. Qf5+ Kg8 33. Qe6+ Kh7 34. Qxb6 Qxa3 35. h4 Qb2 36. Rd5 Qb1+ 37. Kh2 Qe4 38. Qxc5 Qxh4+ 39. Kg1 g6 40. Qxf8 1-0


[Site "https://www.chess.com"]

[Event "Titled Tuesday Blitz August 1 Late 2023"]
[White "Ocido, Michael"]
[Black "Cupid, Kevin"]
[WhiteFideId "115201920"]
[BlackFideId "7700512"]
[WhiteElo "2473"]
[BlackElo "2301"]
[Result "1-0"]
[Round "2"]
[TimeControl "180+1"]
[Date "2023.08.01"]
[WhiteClock "0:00:27"]
[BlackClock "0:00:17"]
[Board "150"]

1. d4 Nf6 2. c4 e6 3. Nf3 Bb4+ 4. Bd2 Be7 5. Nc3 c5 6. d5 O-O 7. e4 d6 8. Bd3 Na6 9. O-O e5 10. a3 Nc7 11. b4 b6 12. Ne1 Nce8 13. Be2 g6 14. Nd3 Ng7 15. f4 exf4 16. Bxf4 Re8 17. e5 Nfh5 18. Bh6 dxe5 19. Nxe5 Bf6 20. Nc6 Qd6 21. Bxg7 Kxg7 22. Nb5 Qd7 23. Bxh5 a6 24. Ra2 axb5 25. Raf2 gxh5 26. Rxf6 Qg4 27. Rxf7+ Kh8 28. Qa1+ Kg8 29. Ne7+ Rxe7 30. Rf8# 1-0


[Site "https://www.chess.com"]

[Event "Titled Tuesday Blitz August 1 Late 2023"]
[White "Akhayan, Ruben"]
[Black "Tifferet, Shaked"]
[WhiteFideId "204439"]
[BlackFideId "2811529"]
[WhiteElo "2298"]
[BlackElo "2473"]
[Result "0-1"]
[Round "2"]
[TimeControl "180+1"]
[Date "2023.08.01"]
[WhiteClock "0:00:30"]
[BlackClock "0:00:36"]
[Board "151"]

1. e4 c5 2. Nf3 e6 3. d4 cxd4 4. Nxd4 Nc6 5. g3 a6 6. Bg2 Nxd4 7. Qxd4 Ne7 8. O-O Nc6 9. Qd1 b5 10. Nc3 Bb7 11. Re1 Be7 12. a4 b4 13. Nd5 O-O 14. Nxe7+ Nxe7 15. Bf4 d5 16. Qd2 a5 17. Rad1 dxe4 18. Bxe4 Bxe4 19. Rxe4 Qxd2 20. Rxd2 Nd5 21. Kg2 Rac8 22. Be5 Rc6 23. Ree2 Rfc8 24. Bd4 f6 25. f4 Kf7 26. Kf3 h6 27. h4 h5 28. Rg2 Rd8 29. Bg1 Rdc8 30. Bd4 Ne7 31. g4 hxg4+ 32. Kxg4 Nf5 33. Bg1 Rd6 34. Rxd6 Nxd6 35. Rd2 Rc6 36. h5 Ne4 37. Re2 f5+ 38. Kf3 Rd6 39. Be3 Kg8 40. Rg2 Kh7 41. b3 Nf6 42. Rh2 Ng4 43. Rg2 Kh6 44. Bc1 Kxh5 45. Bb2 g5 46. fxg5 Kxg5 47. Re2 Rc6 48. Bc1+ Kf6 49. Bf4 e5 50. Bg3 Rc3+ 51. Kg2 f4 52. Be1 f3+ 0-1


[Site "https://www.chess.com"]

[Event "Titled Tuesday Blitz August 1 Late 2023"]
[White "Miguelitro69"]
[Black "Salazar Farias, Luis German"]
[BlackFideId "3902170"]
[WhiteElo "2294"]
[BlackElo "2472"]
[Result "0-1"]
[Round "2"]
[TimeControl "180+1"]
[Date "2023.08.01"]
[WhiteClock "0:00:00"]
[BlackClock "0:00:09"]
[Board "152"]

1. e4 c6 2. d4 d5 3. Nc3 dxe4 4. Nxe4 Bf5 5. Ng3 Bg6 6. Nf3 Nd7 7. h4 h6 8. h5 Bh7 9. Bd3 Bxd3 10. Qxd3 e6 11. Bd2 Ngf6 12. O-O-O Be7 13. Kb1 O-O 14. Ne4 c5 15. g4 Nxg4 16. Rhg1 f5 17. Qb3 Qb6 18. Nxc5 Nxc5 19. dxc5 Qxb3 20. axb3 Bxc5 21. Rg2 Bxf2 22. Bc3 Rf7 23. Rd2 Bb6 24. Rde2 Re8 25. Nh4 Ne3 26. Rg6 f4 27. Nf3 Rf6 28. Bxf6 Nf5 29. Be5 Kf7 30. Reg2 Be3 31. c3 Rd8 32. Rxg7+ Nxg7 33. Rxg7+ Kf8 34. Rxb7 Rd5 35. Rxa7 Rd1+ 36. Kc2 Rf1 37. Nd4 f3 38. Ra8+ Kf7 39. Ra7+ Ke8 40. Nxe6 Bxa7 41. Ng7+ Kf7 42. Nf5 f2 43. Ng3 Rg1 44. Kd3 Rxg3+ 45. Bxg3 f1=Q+ 46. Ke4 Qh3 47. Kf3 Qxh5+ 48. Kf4 Qg6 49. Bh4 h5 50. Bg5 Bb8+ 51. Kf3 Qxg5 52. b4 Qg4+ 0-1


[Site "https://www.chess.com"]

[Event "Titled Tuesday Blitz August 1 Late 2023"]
[White "whiteglovethief"]
[Black "Georg, Heinz"]
[BlackFideId "4607295"]
[WhiteElo "2472"]
[BlackElo "2291"]
[Result "0-1"]
[Round "2"]
[TimeControl "180+1"]
[Date "2023.08.01"]
[WhiteClock "0:02:11"]
[BlackClock "0:02:08"]
[Board "153"]

1. d4 e6 2. c4 f5 3. Nf3 Nf6 4. g3 Be7 5. Bg2 O-O 6. O-O d6 7. Nc3 Ne4 8. Qc2 Nxc3 9. bxc3 Nc6 10. e4 e5 11. d5 Na5 12. Nd2 b6 13. exf5 Bxf5 14. Be4 Qd7 15. Ba3 Rf7 16. Bb4 Nb7 17. a4 a5 18. Ba3 Raf8 19. Rae1 Bg5 20. Nf3 Bxe4 0-1


[Site "https://www.chess.com"]